 Dungeon Crawl Stone Soup version 0.32-a0-673-g3729bd50f8 (webtiles) character file.

Game seed: 2698936125462302071

107 ezpacito the Chopper (level 4, -5/35 HPs)
             Began as a Coglin Chaos Knight on Mar 11, 2024.
             Was a Plaything of Xom.
             Killed from afar by an orc wizard (10 damage)
             ... with a puff of flame
             ... on level 3 of the Dungeon.
             The game lasted 00:02:26 (1789 turns).

ezpacito the Chopper (Coglin Chaos Knight)          Turns: 1789, Time: 00:02:27

Health: -5/35      AC:  7    Str: 14    XL:     4   Next: 86%
Magic:  5/5        EV: 11    Int: 12    God:    Xom [..*...]
Gold:   77         SH:  0    Dex: 13    Spells: 4/4 levels left

rFire   . . .        a - +0 hand axe (chaos) {Anan}
rCold   . . .        g - +2 dagger (holy) {Ealamassi}
rNeg    . . .        b - +2 leather armour
rPois   .            d - +0 helmet
rElec   .            l - +0 cloak
rCorr   .            (no gloves)
SInv    .            (no boots)
Will    +....        (amulet unavailable)
Stlth   +            (ring unavailable)
HPRegen 0.25/turn    (ring unavailable)
MPRegen 0.09/turn    (no gizmo)

%: no passive effects
@: brilliant, attractive, enlightened, flying, revved
A: off-hand wielding, slow wielding, warmup strikes, no jewellery
a: Invent Gizmo, Renounce Religion


You were on level 3 of the Dungeon.
You worshipped Xom.
You were a toy of Xom.
You visited 1 branch of the dungeon, and saw 3 of its levels.

You collected 77 gold pieces.

Inventory:

Hand Weapons
 a - a +0 hand axe of chaos (weapon) {Anan}
 g - a +2 dagger of holy wrath (offhand) {Ealamassi}
Missiles
 j - 7 poisoned darts (quivered)
Armour
 b - a +2 leather armour (worn)
 d - a +0 helmet (worn)
 l - a +0 cloak (worn)
Talismans
 i - a beast talisman
Scrolls
 c - a scroll of butterflies
 e - 2 scrolls of identify {unknown}
Potions
 k - a potion of attraction


   Skills:
 * Level 3.4 Fighting
 * Level 3.5(3.6) Axes
 + Level 0.9(2.2) Polearms
 * Level 2.4 Armour
 * Level 1.8 Dodging
 + Level 0.7 Stealth
 + Level 0.9 Spellcasting


You had 4 spell levels left.
You didn't know any spells.
Your spell library was empty.

Dungeon Overview and Level Annotations

Branches:
Dungeon (3/15)

Altars:
Fedhas

Shops:
D:1 (


Innate Abilities, Weirdness & Mutations

You can wield a second weapon in your off-hand.
It takes a long time for you to wield or remove held weapons.
Your first few attacks do less damage.
You cannot equip rings or amulets.


Message History

You feel attractive to monsters. Something hits you but does no damage.
The orc barely misses you.
It was a potion of enlightenment.
You feel very buoyant.
You fly up into the air.
Something hits you but does no damage. The orc hits you with a +0 hand axe.
* * * LOW HITPOINT WARNING * * *
You take 2 damage, and have 8/35 hp.
It was a potion of brilliance.
You feel clever all of a sudden. Something hits you but does no damage.
The orc hits you but does no damage.
You are too confused!
You miss the orc with your +0 hand axe of chaos.
The orc is severely wounded.
You hit something but do no damage.
You hit the orc with your +2 dagger of holy wrath.
You kill the orc!
You feel less confused. Something hits you.
* * * LOW HITPOINT WARNING * * *
You miss something with your +0 hand axe of chaos.
You hit something but do no damage. Something hits you but does no damage.
You closely miss something with your +2 dagger of holy wrath.
You hit something but do no damage. Something hits you.
* * * LOW HITPOINT WARNING * * *
You take 1 damage, and have 7/35 hp.
You hit something with your +2 dagger of holy wrath.
You hit something but do no damage. Something hits you.
* * * LOW HITPOINT WARNING * * *
You take 2 damage, and have 5/35 hp.
You hit something with your +2 dagger of holy wrath.
You barely miss something with your +0 hand axe of chaos.
Something hits you.
* * * LOW HITPOINT WARNING * * *
You miss something with your +0 hand axe of chaos.
You hit something with your +2 dagger of holy wrath.
You hear some strange, mumbled words.
A puff of flame appears from out of thin air!
The puff of flame hits you!
You die...

.#####'#.####.#
.[.......#
#.#......#
.........#
#.########
....$....# #.....#
.........# #####.#
.........# #.#
#........# #.#
#.....)†{# #.#
#.....))@# #.#
#........# #.#
#........#########.#
####.............#.#
#.###########.#.####
#. #.#....# #
#.####.# #.# #.# #.#
#.#


There were no monsters in sight!

Vanquished Creatures
  A bombardier beetle (D:3)
  3 adders (D:2)
  A dart slug (D:1)
  A ribbon worm (D:2)
  3 orcs (D:3)
  4 bats (D:1)
  3 endoplasms
  4 giant cockroaches
  2 goblins
  5 hobgoblins
  A quokka (D:1)
  A ball python (D:1)
  2 frilled lizards (D:2)
  6 kobolds
  4 rats
41 creatures vanquished.

Notes
Turn   | Place    | Note
-------+----------+-------------------------------------------
     0 | D:1      | ezpacito the Coglin Chaos Knight began the quest for the
                  | Orb.
     0 | D:1      | Reached XP level 1. HP: 18/18 MP: 1/1
    47 | D:1      | Found Xuschage's Antique Weapon Shoppe.
    65 | D:1      | Reached skill level 1 in Dodging
    71 | D:1      | Reached XP level 2. HP: 22/24 MP: 2/2
   705 | D:1      | Reached XP level 3. HP: 28/29 MP: 3/3
   973 | D:2      | XOM: smoke on damage
  1046 | D:2      | XOM: silly message
  1050 | D:2      | XOM: divination: magic mapping
  1069 | D:2      | Found a faded altar of an unknown god.
  1114 | D:2      | XOM: smoke on damage
  1141 | D:2      | XOM: divination: magic mapping
  1155 | D:2      | XOM: silly message
  1166 | D:2      | XOM: silly message
  1503 | D:2      | XOM is BORED!
  1503 | D:2      | XOM: silly message
  1524 | D:2      | Reached XP level 4. HP: 32/35 MP: 5/5
  1666 | D:2      | XOM: silly message
  1706 | D:3      | Found a blossoming altar of Fedhas.
  1789 | D:3      | Killed from afar by an orc wizard

Illustrated notes

Levels and vault maps discovered:
D:1:      dpeg_arrival_tiny_a, layout_loops_corners, serial_shops,
          nicolae_shop_overgrown_old_shop, kennysheep_nondescript
D:2:      layout_loops_ring, hellmonk_ecumenical_altar_heavens_door
D:3:      layout_basic, fedhas_altar_2, serial_shops, nicolae_shop_statue_plus,
          uniq_jessica, uniq_ijyb, uniq_sigmund

Skill      XL: |  1  2 |
---------------+-------+-----
Dodging        | 1 |  1.8
Armour         | 2 |  2.4
Fighting       | |  3.4
Axes           | |  3.5
Polearms       | |  0.9
Stealth        | |  0.7
Spellcasting   | |  0.9

Action                     |  1- 3 |  4- 6 || total
---------------------------+-------+-------++-------
  Melee: Dagger            |    79 |    16 ||    95
         Hand axe          |    86 |    16 ||   102
    Use: Potion            |       |     3 ||     3
   Stab: Sleeping          |     1 |       ||     1
         Paralysed         |     2 |       ||     2
         Confused          |       |     3 ||     3
 Armour: Leather armour    |    61 |    24 ||    85
  Dodge: Dodged            |    48 |     4 ||    52

Table legend: (Time is in decaauts)
 A = Elapsed time spent in this place.
 B = Non-inter-level travel time spent in this place.
 C = Inter-level travel time spent in this place.
 D = Time resting spent in this place.
 E = Time spent auto-exploring this place.
 F = Levels seen in this place.
 G = Mean time per level.
                   A        B        C        D        E       F      G
               +--------+--------+--------+--------+--------+-----+--------+
         Total |   1796 |   1643 |    153 |      0 |   1337 |   3 |  598.7 |
       Dungeon |   1796 |   1643 |    153 |      0 |   1337 |   3 |  598.7 |
               +--------+--------+--------+--------+--------+-----+--------+

Top non-repeatable levels by time:
     D:1: 910 daAuts
     D:2: 786 daAuts
     D:3: 99 daAuts
